 Dungeon Crawl Stone Soup version 0.16.0-17-g811c1d7 (webtiles) character file.

226 Megawott06 the Magician (level 5, -4/38 HPs)
             Began as a Demonspawn Wanderer on Mar 21, 2015.
             Slain by an ogre
             ... wielding a +0 giant club
              (28 damage)
             ... on level 4 of the Dungeon.
             The game lasted 00:24:46 (2796 turns).

Megawott06 the Magician (Demonspawn Wanderer)       Turns: 2796, Time: 00:24:46

Health: -4/38      AC:  5    Str: 12    XL:     5   Next: 69%
Magic:  12/12      EV: 11    Int: 15    God:
Gold:   131        SH:  0    Dex: 12    Spells: 2 memorised, 9 levels left

rFire  . . .     SeeInvis .     k - +2 short sword
rCold  . . .     Clarity  .     l - +0 leather armour
rNeg   . . .     SustAb   +     (no shield)
rPois  .         Gourm    .     (helmet restricted)
rElec  .         Spirit   .     (no cloak)
rCorr  .         Warding  .     (no gloves)
rMut   .         Stasis   .     (no boots)
MR     .....                    (no amulet)
Stlth  ++........               (no ring)
                                h - ring of sustain abilities

@: not resistant to hostile enchantments, unstealthy
A: horns 1, thin metallic scales 1
a: no special abilities


You were on level 4 of the Dungeon.
You were not hungry.

You visited 1 branch of the dungeon, and saw 4 of its levels.

You collected 131 gold pieces.

Inventory:

Hand weapons
 k - a +2 short sword (weapon)
Armour
 l - a +0 leather armour (worn)
 q - a cursed +0 robe
Jewellery
 h - a ring of sustain abilities (left hand)
 o - a +4 ring of intelligence {unknown}
Scrolls
 j - 2 scrolls of teleportation
 p - 2 scrolls of random uselessness
Potions
 c - a potion of curing
 e - 2 potions of brilliance
 i - 2 potions of invisibility {unknown}
 n - a potion of mutation
 r - a potion of poison {unknown}
Books
 a - a book of Changes

   Spells                             Type                      Level
   a - Beastly Appendage              Transmutation                1
   b - Sticks to Snakes               Transmutation                2
   c - Spider Form                    Transmutation/Poison         3
   d - Ice Form                       Ice/Transmutation            4
   e - Blade Hands                    Transmutation                5
 b - Kiteg's Grimoire of Slavery

   Spells                             Type                      Level
   a - Summon Small Mammal            Summoning                    1
   b - Recall                         Summoning/Translocation      3
Comestibles
 d - a chunk of flesh
 f - a bread ration
 g - 3 meat rations
 m - a beef jerky


   Skills:
 + Level 1.8 Fighting
 + Level 2.4 Short Blades
 + Level 2.0 Armour
 + Level 1.5 Dodging
 * Level 2.2 Stealth
   Level 1.7 Shields
 + Level 3.8 Spellcasting
 + Level 2.0 Transmutations


You had 9 spell levels left.
You knew the following spells:

 Your Spells              Type           Power        Failure   Level  Hunger
a - Beastly Appendage     Trmt           #.....       14%         1    None
b - Summon Small Mammal   Summ           #...         28%         1    None


Dungeon Overview and Level Annotations

Branches:
Dungeon (4/15)
 Temple: D:4-7

Altars:
Cheibriados
Gozag
Kikubaaqudgha
Qazlal
Sif Muna
Vehumet
Xom


Innate Abilities, Weirdness & Mutations

You have a pair of small horns on your head.
You are partially covered in thin metallic scales (AC +2).


Message History

d - a chunk of flesh You see here a glowing robe.
q - a glowing robe Read which item? (? for menu, Esc to quit)
Memorise Summon Small Mammal, consuming 1 spell level and leaving 9?
You start memorising the spell.
You continue memorising.
You finish memorising.
Spell assigned to 'b'.
Read which item? (? for menu, Esc to quit)
As you read the scroll of random uselessness, it crumbles to dust.
The dust glows shimmering gold!
An adder comes into view.
There is a stone staircase leading up, spattered with blood here.
Your magical contamination has completely faded away.
Found an escape hatch in the floor.
Found a stone staircase leading down.
An ogre comes into view. It is wielding a giant club.
The ogre shouts!
The ogre hits you with a giant club!!
Ouch! That really hurt!
You die...

#.. . #..# .. #..
####### #.##..
....... .....
#.....# #.#.#
#>....# #.#.#
#.....# #.O.#
#.....# #.@#
#.....# #..#
#.....##########.#
................>#
##################


You could see an ogre.

Vanquished Creatures
  A phantom (D:4)
  A centaur skeleton (D:4)
  3 adders
  2 worms (D:2)
  2 oozes (D:3)
  An orc (D:3)
  2 ball pythons
  7 goblins
  11 hobgoblins
  A jackal (D:1)
  6 kobolds
  7 bats
  3 giant cockroaches (D:1)
  2 giant geckos
  6 giant newts
  10 rats
65 creatures vanquished.

Notes
Turn   | Place    | Note
--------------------------------------------------------------
     0 | D:1      | Megawott06, the Demonspawn Wanderer, began the quest for the Orb.
     0 | D:1      | Megawott06 set off with: a book of Changes, Kiteg's Grimoire of Slavery, a potion of curing, a +0 robe, a +0 club, a bread ration
     0 | D:1      | Reached XP level 1. HP: 15/15 MP: 4/4
     0 | D:1      | Identified Kiteg's Grimoire of Slavery
     2 | D:1      | Learned a level 1 spell: Beastly Appendage
   186 | D:1      | Gained mutation: You have a pair of small horns on your head. [demonic ancestry]
   186 | D:1      | Reached XP level 2. HP: 7/21 MP: 6/6
  1048 | D:1      | Gained mutation: You are partially covered in thin metallic scales (AC +2). [demonic ancestry]
  1048 | D:1      | Reached XP level 3. HP: 26/26 MP: 8/8
  1256 | D:2      | Reached skill level 1 in Stealth
  1269 | D:2      | Found an opulent altar of Gozag.
  1269 | D:2      | Found a radiant altar of Vehumet.
  1269 | D:2      | Found a shimmering altar of Xom.
  1687 | D:3      | Found a deep blue altar of Sif Muna.
  1770 | D:3      | Reached XP level 4. HP: 30/32 MP: 10/10
  1799 | D:3      | Found a deep blue altar of Sif Muna.
  1802 | D:3      | Found a snail-covered altar of Cheibriados.
  1804 | D:3      | Found an ancient bone altar of Kikubaaqudgha.
  1809 | D:3      | Found a stormy altar of Qazlal.
  1995 | D:3      | Reached skill level 1 in Dodging
  2329 | D:3      | Reached skill level 1 in Armour
  2679 | D:4      | Noticed a phantom
  2709 | D:4      | Killed a phantom
  2709 | D:4      | Reached XP level 5. HP: 17/38 MP: 9/12
  2733 | D:4      | Learned a level 1 spell: Summon Small Mammal
  2794 | D:4      | Noticed an ogre
  2796 | D:4      | Slain by an ogre

Action                   |  1- 3 |  4- 6 || total
-------------------------+-------+-------++-------
Melee: Club              |    31 |       ||    31
       Short sword       |    85 |    93 ||   178
 Cast: Beastly Appendage |     1 |     1 ||     2
  Use: Scroll            |     9 |     4 ||    13
       Potion            |       |     1 ||     1
 Stab: Sleeping          |       |     1 ||     1
  Eat: Bread ration      |     1 |       ||     1
       Pizza             |     1 |       ||     1
